 Dungeon Crawl Stone Soup version 0.29.0-10-g45618ea6d2 (webtiles) character file.

Game seed: 11176919508587039972

52 raistware the Conjurer (level 3, -4/21 HPs)
             Began as an Octopode Conjurer on Sept 1, 2022.
             Slain by Crazy Yiuf
             ... wielding a +4 quarterstaff of chaos
              (10 damage)
             ... on level 2 of the Dungeon.
             The game lasted 00:02:44 (2506 turns).

raistware the Conjurer (Octopode Conjurer)          Turns: 2506, Time: 00:02:44

Health: -4/21      AC:  1    Str:  6    XL:     3   Next: 85%
Magic:  3/8        EV: 13    Int: 22    God:
Gold:   66         SH:  0    Dex: 10    Spells: 7/9 levels left

rFire   + . .      SeeInvis .   (no weapon)
rCold   . . .      Faith    .   (no shield)
rNeg    . . .      Spirit   .   (helmet restricted)
rPois   .          Reflect  .   o - amulet of the Falcon {rF+ Regen+}
rElec   .          Harm     .   (no ring)
rCorr   .          Rampage  .   (no ring)
Will    .....                   (no ring)
Stlth   +++.......              (no ring)
HPRegen 0.87/turn               (no ring)
MPRegen 0.11/turn               (no ring)
                                (no ring)
                                (no ring)

@: no status effects
A: almost no armour, amphibious, 8 rings, camouflage 1, gelatinous body 1,
(nimble swimmer 1), tentacles
a: no special abilities


You were on level 2 of the Dungeon.
You visited 1 branch of the dungeon, and saw 2 of its levels.

You collected 66 gold pieces.

Inventory:

Missiles
 d - 3 boomerangs of dispersal
 j - 3 poisoned darts
Jewellery
 o - the amulet of the Falcon (around mantle) {rF+ Regen+}
   (You found it on level 2 of the Dungeon)

   [amulet of regeneration]

   rF:        It protects you from fire.
   Regen:     It increases your rate of health regeneration.
Scrolls
 b - a scroll of teleportation {unknown}
 c - 2 scrolls of identify {unknown}
 i - a scroll of enchant armour {unknown}
 k - a scroll of blinking {unknown}
 l - a scroll of enchant weapon {unknown}
 m - a scroll of immolation {unknown}
Potions
 a - 2 potions of magic
 e - a potion of might {unknown}
 f - a potion of attraction {unknown}
 g - 2 potions of heal wounds {unknown}
 h - a potion of brilliance {unknown}
 n - a potion of cancellation {unknown}


   Skills:
 - Level 2.0 Dodging
 - Level 2.6 Stealth
 + Level 3.8 Spellcasting
 - Level 4.0 Conjurations


You had 7 spell levels left.
You knew the following spells:

 Your Spells              Type           Power      Damage    Failure   Level
a - Magic Dart            Conj           84%        1d7       2%          1
z - Apportation           Tloc           8%         N/A       12%         1

Your spell library contained the following spells:

 Spells                   Type           Power      Damage    Failure   Level
 Searing Ray              Conj           42%        2d6       3%          2
 Dazzling Flash           Conj/Hex       24%        N/A       16%         3
 Fulminant Prism          Conj/Hex       6%         3d7       45%         4
 Iskenderun's Mystic Bla  Conj/Tloc      12%        2d5       45%         4
 Alistair's Intoxication  Tmut/Pois      2%         N/A       97%         5


Dungeon Overview and Level Annotations

Branches:
Dungeon (2/15)

Altars:

Annotations:
D:2 Crazy Yiuf


Innate Abilities, Weirdness & Mutations

You cannot wear most types of armour.
You are amphibious.
You can wear up to eight rings at the same time.
Your skin changes colour to match your surroundings (Stealth+).
Your rubbery body absorbs attacks. (AC +1, EV +1)
((You are camouflaged when in or above water. (Stealth+)))
You have tentacles for arms and can constrict up to eight enemies at once.


Message History

Crazy Yiuf closely misses you.
Casting: Magic Dart (safe; 2% risk of failure)
Confirm with . or Enter, or press ? or * to list all spells.
Okay, then.
Casting: Magic Dart (safe; 2% risk of failure)
Confirm with . or Enter, or press ? or * to list all spells.
Aiming: Magic Dart (safe; 2% risk of failure)
Press: ? - help, Shift-Dir - straight line, f/p - Crazy Yiuf
Aim: Crazy Yiuf, wielding a +4 quarterstaff of chaos and wearing a +2 cloak of willpower (moderately wounded, poisoned, 100% to hit)
Okay, then.
Casting: Magic Dart (safe; 2% risk of failure)
Confirm with . or Enter, or press ? or * to list all spells.
Aiming: Magic Dart (safe; 2% risk of failure)
Press: ? - help, Shift-Dir - straight line, f/p - Crazy Yiuf
Aim: Crazy Yiuf, wielding a +4 quarterstaff of chaos and wearing a +2 cloak of willpower (moderately wounded, poisoned, 100% to hit)
The magic dart hits Crazy Yiuf.
Crazy Yiuf is moderately wounded.
Crazy Yiuf misses you.
Casting: Magic Dart (safe; 2% risk of failure)
Confirm with . or Enter, or press ? or * to list all spells.
Aiming: Magic Dart (safe; 2% risk of failure)
Press: ? - help, Shift-Dir - straight line, f/p - Crazy Yiuf
Aim: Crazy Yiuf, wielding a +4 quarterstaff of chaos and wearing a +2 cloak of willpower (heavily wounded, poisoned, 100% to hit)
The magic dart hits Crazy Yiuf but does no damage.
Crazy Yiuf is heavily wounded.
Crazy Yiuf looks more healthy.
Crazy Yiuf hits you with a +4 quarterstaff of chaos!
* * * LOW HITPOINT WARNING * * *
Crazy Yiuf freezes you.
* * * LOW HITPOINT WARNING * * *
Casting: Magic Dart (safe; 2% risk of failure)
Confirm with . or Enter, or press ? or * to list all spells.
Aiming: Magic Dart (safe; 2% risk of failure)
Press: ? - help, Shift-Dir - straight line, f/p - Crazy Yiuf
Aim: Crazy Yiuf, wielding a +4 quarterstaff of chaos and wearing a +2 cloak of willpower (heavily wounded, 100% to hit)
The magic dart hits Crazy Yiuf!
Crazy Yiuf is severely wounded.
Crazy Yiuf says, "Line!
Fluff sing bag."
Crazy Yiuf hits you with a +4 quarterstaff of chaos!
You die...

###..# #.#
#.#
###..####.#
###
..........#
.....#######
#####
####.......#
#)(.#
######.##
#.(.# #.#
.(. #.# #g#
#.# ♣@♣♣ #.#
♣♣.♣ #.#
♣.♣♣ #.#
♣♣.♣ #.#
♣♣.♣♣ #.#
♣♣.♣.♣ #.##
♣....♣ #..#
#....#
##.#####..##


You could see Crazy Yiuf.

Vanquished Creatures
  2 dart slugs (D:1)
  5 ball pythons
  4 endoplasms
  3 giant cockroaches
  5 hobgoblins
  9 jackals
  3 quokkas
  2 bats (D:1)
  A frilled lizard (D:1)
  2 goblins
  A kobold (D:1)
  4 rats
41 creatures vanquished.

Vanquished Creatures (others)
  12 plants (D:1)
12 creatures vanquished.

Grand Total: 53 creatures vanquished

Notes
Turn   | Place    | Note
-------+----------+-------------------------------------------
     0 | D:1      | raistware the Octopode Conjurer began the quest for the
                  | Orb.
     0 | D:1      | Reached XP level 1. HP: 11/11 MP: 3/3
   295 | D:1      | Reached XP level 2. HP: 17/17 MP: 0/5
  1332 | D:1      | Reached XP level 3. HP: 21/21 MP: 5/7
  1457 | D:1      | Learned a level 1 spell: Apportation
  2260 | D:2      | Identified the amulet of the Falcon {rF+ Regen+}
  2365 | D:2      | Found a runed translucent door.
  2366 | D:2      | Noticed Crazy Yiuf
  2506 | D:2      | Slain by Crazy Yiuf

Illustrated notes

Levels and vault maps discovered:
D:1:      dpeg_arrival_lava_temple_mockup, layout_basic, chequers_big_river
D:2:      layout_loops_ring, st_stairs_2, uniq_crazy_yiuf_cottage

Skill      XL: |  1  2 |
---------------+-------+-----
Spellcasting   | 3 |  3.8
Dodging        | |  2.0
Stealth        | |  2.6
Conjurations   | |  4.0

Action                   || total
-------------------------++-------
Melee: Unarmed           ||    14
       Constrict         ||     5
       Tentacles         ||     2
Throw: Dart              ||     3
 Cast: Magic Dart        ||    86
Armor: Skin              ||     1
Dodge: Dodged            ||    19
